 Dungeon Crawl Stone Soup version 0.25-a0-651-g8c222c7a2b (webtiles) character file.

Game seed: 9054285981008177720, levelgen mode: deterministic

364948 Kohma the Hoplite (level 22, -3/142 HPs)
             Began as a Gargoyle Earth Elementalist on Mar 21, 2020.
             Was the Champion of Ashenzari.
             Slain by an iron troll (25 damage)
             ... on level 15 of the Dungeon on Mar 22, 2020.
             The game lasted 04:13:15 (65203 turns).

Kohma the Hoplite (Gargoyle Earth Elementalist)    Turns: 65203, Time: 04:13:15

Health: -3/142     AC: 47    Str: 16    XL:     22   Next: 53%
Magic:  38/38      EV: 13    Int: 23    God:    Ashenzari [******]
Gold:   1922       SH: 30    Dex: 10    Spells: 0/45 levels left

rFire    + + .     SeeInvis +   a - +9 demon trident (flame) (curse)
rCold    + + .     Gourm    .   t - +0 tower shield (curse)
rNeg     + . .     Faith    .   Z - +9 ice dragon scales (curse)
rPois    ∞         Spirit   .   H - +2 hat of Furoan {+Inv rF+ MR+} (curse)
rElec    +         Reflect  +   N - scarf {rC+ rF+} (curse)
rCorr    .         Harm     .   w - +0 pair of gloves (curse)
MR       +++..     Clarity  +   b - +2 pair of boots {run} (curse)
Stlth    +.........             r - +6 amulet of reflection (curse)
HPRegen  0.33/turn              O - ring of Abstinence {Wiz +Blink +Inv Str-3} (curse)
MPRegen  0.26/turn              A - ring of Ziaheedd {Fire *Drain MR+ Str+4} (curse)

@: about to teleport, quick
A: big wings, negative energy resistance 1, electricity resistance, unbreathing,
petrification resistance, rot immunity, AC +16
}: 2/15 runes: barnacled, gossamer
a: Fly, Curse Item, Scrying, Transfer Knowledge, Renounce Religion, Evoke Blink,
Evoke Invisibility


You were on level 15 of the Dungeon.
You worshipped Ashenzari.
Ashenzari was exalted by your worship.
You were not hungry.

You visited 9 branches of the dungeon, and saw 40 of its levels.
You also visited: Ice Cave.

You collected 6577 gold pieces.
You spent 4655 gold pieces at shops.

Inventory:

Hand Weapons
 a - a cursed +9 demon trident of flaming (weapon)
Armour
 b - a cursed +2 pair of boots of running (worn)
 t - a cursed +0 tower shield (worn)
 w - a cursed +0 pair of gloves (worn)
 H - the cursed +2 hat of Furoan (worn) {+Inv rF+ MR+}
   (You found it on level 13 of the Dungeon)

   It protects you from fire.
   It affects your resistance to hostile enchantments.
   It lets you turn invisible.
   It has a curse placed upon it.
 N - a cursed scarf of resistance (worn)
 Z - cursed +9 ice dragon scales (worn)
Jewellery
 q - an uncursed ring of resist corrosion
 r - a cursed +6 amulet of reflection (around neck)
 A - the cursed ring of Ziaheedd (right hand) {Fire *Drain MR+ Str+4}
   (You found it on level 4 of the Shoals)

   [ring of fire]

   It enhances your fire magic.
   It affects your strength (+4).
   It protects you from fire.
   It makes you vulnerable to cold.
   It affects your resistance to hostile enchantments.
   It causes draining when unequipped.
   It has a curse placed upon it.
 O - the cursed ring of Abstinence (left hand) {Wiz +Blink +Inv Str-3}
   (You acquired it on level 1 of the Vaults)

   [ring of wizardry]

   It improves your spell success rate.
   It affects your strength (-3).
   It lets you turn invisible.
   It lets you blink.
   It has a curse placed upon it.
Wands
 v - a wand of acid (7)
 y - a wand of digging (15)
 G - a wand of paralysis (49)
 U - a wand of clouds (15)
 V - a wand of disintegration (26)
 Y - a wand of iceblast (51)
Scrolls
 e - 18 scrolls of teleportation
 f - 9 scrolls of magic mapping
 g - 4 scrolls of immolation
 k - 10 scrolls of blinking
 n - 7 scrolls of fear
 p - 8 scrolls of amnesia
 C - 3 scrolls of summoning
 I - 6 scrolls of fog
 P - 3 scrolls of silence
 T - a scroll of holy word
 X - 3 scrolls of remove curse
Potions
 h - 13 potions of curing
 i - 5 potions of invisibility
 l - 5 potions of heal wounds
 m - 8 potions of brilliance
 u - 10 potions of mutation
 z - 3 potions of might
 B - 3 potions of lignification
 D - 4 potions of resistance
 F - 6 potions of haste
 J - 3 potions of magic
 Q - 7 potions of cancellation
 S - 4 potions of ambrosia
Miscellaneous
 c - a phantom mirror
 j - a fan of gales
 s - 2 sacks of spiders
 x - a phial of floods
 L - a lightning rod (4/4)
Comestibles
 d - 17 rations
 o - 5 chunks of flesh


   Skills:
 + Level 16.3 Fighting
 - Level 10.8(15.0) Polearms
 + Level 9.1(13.4) Armour
 - Level 4.3(8.6) Dodging
 - Level 3.4 Stealth
 - Level 22.9(25.0) Shields
 - Level 12.3 Spellcasting
 - Level 12.3(16.4) Conjurations
 + Level 6.0(10.5) Charms
 - Level 0.6(2.6) Summonings
 - Level 3.8(8.0) Necromancy
 - Level 1.8(5.0) Translocations
 - Level 1.2(3.9) Transmutations
 - Level 2.7(6.4) Fire Magic
 + Level 5.5(10.0) Air Magic
 - Level 12.6(16.8) Earth Magic
 - Level 2.7(6.4) Poison Magic
 + Level 10.2(14.5) Evocations


You couldn't memorise any spells.
You knew the following spells:

 Your Spells              Type           Power        Failure   Level  Hunger
a - Summon Butterflies    Summ           ####....     1%          1    None
b - Passwall              Tmut/Erth      ######..     1%          2    None
c - Stone Arrow           Conj/Erth      ######       1%          3    None
d - Lee's Rapid Deconstr  Erth           #######...   1%          5    ###....
e - Iron Shot             Conj/Erth      ######....   1%          6    #####..
f - Petrify               Tmut/Erth      ######..     1%          4    None
g - Animate Dead          Necr           N/A          1%          4    None
h - Blink                 Tloc           N/A          1%          2    None
i - Deflect Missiles      Chrm/Air       ######....   12%         6    #####..
j - Apportation           Tloc           #####.       1%          1    None
k - Olgreb's Toxic Radia  Pois           #####...     4%          4    None
l - Ignite Poison         Fire/Tmut/Pois ######..     1%          3    None
m - Summon Lightning Spi  Summ/Air       #####...     4%          4    None

Your spell library contained the following spells:

 Spells                   Type           Power        Failure   Level  Hunger
 Magic Dart               Conj           ####         0%          1    None
 Sandblast                Erth           ######       0%          1    None
 Animate Skeleton         Necr           N/A          1%          1    None
 Beastly Appendage        Tmut           ####..       1%          1    None
 Foxfire                  Conj/Fire      ####         1%          1    None
 Pain                     Necr           ####         1%          1    None
 Shock                    Conj/Air       ####         1%          1    None
 Sting                    Tmut/Pois      ####         1%          1    None
 Summon Small Mammal      Summ           ####         1%          1    None
 Poisonous Vapours        Pois/Air       ######       1%          2    None
 Searing Ray              Conj           ######       1%          2    None
 Shroud of Golubria       Chrm/Tloc      ######       1%          2    None
 Sticks to Snakes         Tmut           ####....     1%          2    None
 Swiftness                Chrm/Air       ######..     1%          2    None
 Conjure Flame            Conj/Fire      #######.     1%          3    None
 Dazzling Flash           Conj/Hex       ######       1%          3    None
 Mephitic Cloud           Conj/Pois/Air  ######..     1%          3    None
 Ozocubu's Armour         Chrm/Ice       #####...     1%          3    None
 Spider Form              Tmut/Pois      #####.....   1%          3    None
 Static Discharge         Conj/Air       ######..     1%          3    None
 Vampiric Draining        Necr           ######....   1%          3    None
 Airstrike                Air            ######....   1%          4    None
 Hailstorm                Conj/Ice       ######..     1%          4    None
 Iskenderun's Mystic Bla  Conj/Tloc      ######..     1%          4    None
 Leda's Liquefaction      Hex/Erth       ######....   1%          4    None
 Sticky Flame             Conj/Fire      #######.     1%          4    None
 Bolt of Magma            Conj/Fire/Erth #######...   1%          5    ###....
 Fireball                 Conj/Fire      #######...   1%          5    ###....
 Iskenderun's Battlesphe  Conj/Chrm      ######..     1%          5    ###....
 Lightning Bolt           Conj/Air       ######....   1%          5    ###....
 Call Imp                 Summ           ####....     2%          2    None
 Gell's Gravitas          Tloc           #####.....   2%          3    None
 Lesser Beckoning         Tloc           #####.....   2%          3    None
 Teleport Other           Tloc           #####...     2%          3    None
 Irradiate                Conj/Tmut      ######....   2%          5    ###....
 Excruciating Wounds      Chrm/Necr      ######....   3%          5    ###....
 Corona                   Hex            ###....      4%          1    None
 Freeze                   Ice            ###.         4%          1    None
 Inner Flame              Hex/Fire       #####...     4%          3    None
 Ensorcelled Hibernation  Hex/Ice        ###...       6%          2    None
 Call Canine Familiar     Summ           ####....     6%          3    None
 Agony                    Necr           ######..     6%          5    ###....
 Passage of Golubria      Tloc           N/A          7%          4    None
 Starburst                Conj/Fire      #######...   8%          6    #####..
 Summon Guardian Golem    Hex/Summ       ###.....     9%          3    None
 Confusing Touch          Hex            ###.....     12%         3    None
 Frozen Ramparts          Ice            ###...       12%         3    None
 Tukima's Dance           Hex            ###.....     12%         3    None
 Silence                  Hex/Air        #####.....   16%         5    ###....
 Alistair's Intoxication  Tmut/Pois      #####...     17%         5    ###....
 Ice Form                 Ice/Tmut       ###.....     21%         4    None
 Freezing Cloud           Conj/Ice/Air   ######....   21%         6    #####..
 Summon Ice Beast         Ice/Summ       ###.....     26%         4    None
 Blade Hands              Tmut           ####......   28%         5    ###....
 Lehudib's Crystal Spear  Conj/Erth      ######....   36%         8    #######
 Cause Fear               Hex            ###.......   38%         4    None
 Yara's Violent Unravell  Hex/Tmut       ###.......   50%         5    ###....
 Summon Mana Viper        Hex/Summ       ###.....     58%         5    ###....
 Eringya's Noxious Bog    Tmut/Pois      #####.....   65%         6    #####..
 Metabolic Englaciation   Hex/Ice        ###.......   71%         5    ###....
 Simulacrum               Ice/Necr       ####......   77%         6    #####..
 Chain Lightning          Conj/Air       ######....   80%         8    #######
 Invisibility             Hex            ###.....     99%         6    #####..
 Ozocubu's Refrigeration  Ice            ###.......   99%         6    #####..
 Haunt                    Necr/Summ      #####.....   99%         7    ######.
 Shatter                  Erth           #######...   99%         9    #######
 Summon Hydra             Summ           ####......   100%        7    ######.
 Borgnjor's Revivificati  Necr           ######....   100%        8    #######
 Death's Door             Chrm/Necr      ######....   100%        8    #######
 Discord                  Hex            ###.......   100%        8    #######
 Ignition                 Fire           ######....   100%        8    #######
 Infestation              Necr           ######....   100%        8    #######
 Necromutation            Tmut/Necr      #####.....   100%        8    #######
 Fire Storm               Conj/Fire      #######...   100%        9    #######
 Glaciate                 Conj/Ice       ######....   100%        9    #######
 Sublimation of Blood     Necr           Unusable     N/A         2    N/A
 Statue Form              Tmut/Erth      Unusable     N/A         6    N/A

Dungeon Overview and Level Annotations

Branches:
Dungeon (15/15)            Temple (1/1) D:4            Lair (6/6) D:10
 Shoals (4/4) Lair:2       Spider (4/4) Lair:3        Slime (0/5) Lair:6
    Orc (2/2) D:11            Elf (3/3) Orc:2        Vaults (4/5) D:13
  Crypt (0/3) Vaults:3     Depths (1/5) D:15          IceCv (visited)

Altars:
Ashenzari
Cheibriados
Dithmenos
Elyvilon
Fedhas
Gozag
Hepliaklqana
Kikubaaqudgha
Makhleb
Nemelex Xobeh
Okawaru
Qazlal
Ru
Sif Muna
Trog
Uskayaw
Vehumet
Wu Jian
Xom
Yredelemnul
Zin
The Shining One

Shops:
D:10 =   Orc:1 ?   Orc:2 =*?   Shoals:2 [   Shoals:4 }   Vaults:1 [
Vaults:2 (?=   Vaults:3 }   Vaults:4 *

Portals:
Hell: Depths:1
Abyss: Shoals:3

Annotations:
D:6 1 runed translucent door, wub's ghost, novice DsAK
D:9 3 runed translucent doors, exclusion: 3 doors, iamserjio's ghost, journeyman OpWn; kuniqs's ghost, novice DEWz
D:12 1 runed translucent door, exclusion: door
Shoals:3 2 transporters, Zarkath's ghost, adept HONe
Elf:2 1 runed translucent door


Innate Abilities, Weirdness & Mutations

You are resistant to torment.
Your stone body is resilient. (AC +16)
You are immune to poison.
Your large and strong wings let you fly indefinitely.
You resist negative energy. (rN+)
You are resistant to electric shocks. (rElec)
You can survive without breathing.
You are immune to petrification.
You are immune to rotting.


Message History

You hit the deep troll shaman. You burn the deep troll shaman.
The deep troll shaman is lightly wounded.
You block the iron troll's attack. x2
The iron troll claws you but does no damage.
You block the ice dragon's attack. The ice dragon closely misses you.
You block the ice dragon's attack.
You puncture the deep troll shaman! You burn the deep troll shaman.
The deep troll shaman is heavily wounded.
You hit the deep troll shaman but do no damage.
The deep troll shaman is heavily wounded.
You block the iron troll's attack. x2; The iron troll claws you!!
* * * LOW HITPOINT WARNING * * *
The deep troll shaman calls upon its god to speed up the deep troll.
The deep troll seems to speed up.
You block the ice dragon's attack.
The ice dragon claws you but does no damage.
You block the ice dragon's attack.
You puncture the deep troll shaman! You burn the deep troll shaman!
The deep troll shaman is almost dead.
You block the iron troll's attack. x2; The iron troll claws you!!
You die...

.## ##.##.##...#
###...### ..#
###...##.##
###.... ..##
#.....### ###..
...## #.....# ##.
....####...#####
## .....#
##.####.## #
.#...###..###..T#
#
###..#...###..cT##
#
####.#..##....TT@#
#
.##..##.##.#..DD##
.....#.....##...#
#....##.#..###.##
# #...))######.###
## #.[...).......#
###### #.
##............#
####....###.
##...........#
##.......##.. #
#...........#
###........##.#


You could see 2 ice dragons, 2 iron trolls, a deep troll, a deep troll shaman
and a yaktaur.

Vanquished Creatures
  Sojobo (Vaults:3)
  Saint Roka (Vaults:3)
  Nikola (Vaults:3)
  Arachne (Spider:4)
  A deep elf blademaster (Elf:3)
  A titan (Vaults:4)
  Asterion (Vaults:1)
  2 krakens
  A deep elf master archer (Elf:3)
  Polyphemus (Shoals:3)
  Donald (Shoals:3)
  4 tengu reavers
  A storm dragon (Vaults:4)
  Ilsuiw (Shoals:3)
  A fire giant (Vaults:3)
  A frost giant (Vaults:4)
  8 deep elf sorcerers
  An orc warlord (Orc:1)
  8 vault wardens
  3 emperor scorpions
  3 ghost moths (Spider:4)
  6 deep elf elementalists
  6 ironheart preservers
  2 stone giants
  6 entropy weavers
  A war gargoyle (Vaults:4)
  The ghost of skumtomte the Severer, a journeyman HOFi of Okawaru (Lair:5)
  4 deep elf demonologists (Elf:3)
  Nessos (Lair:5)
  4 deep elf annihilators (Elf:3)
  2 spark wasps (Spider:4)
  2 deep elf death magi (Elf:3)
  6 merfolk javelineers
  8 merfolk impalers
  2 ettins
  A yaktaur captain (Vaults:4)
  4 fire dragons
  6 great orbs of eyes
  A rakshasa (Vaults:3)
  Fannar (D:11)
  7 deep elf high priests (Elf:3)
  8 hydras
  3 ice dragons
  4 vault guards
  A catoblepas (Shoals:3)
  Erica (D:9)
  4 centaur warriors
  2 merfolk avatars
  A satyr (Shoals:4)
  A queen ant (Lair:4)
  2 death knights
  4 merfolk aquamancers
  An alligator snapping turtle (Shoals:3)
  21 death yaks
  18 two-headed ogres
  A tengu warrior (D:15)
  2 deep troll shamans
  33 dancing weapons
  5 ogre magi
  3 deep troll earth magi
  Urug (D:11)
  4 orc high priests (Orc:2)
  6 hell knights (Vaults:1)
  20 deep elf knights
  Sonja (Lair:5)
  Nergalle (D:11)
  3 skeletal warriors (D:12)
  An unseen horror (Vaults:1)
  A shadow wraith (Vaults:2)
  6 sea snakes
  9 deep trolls
  Pikel (D:5)
  19 deep elf archers
  2 necromancers
  2 wizards
  72 deep elf magi
  9 harpies
  11 orc knights
  10 ironbrand convokers
  6 orc sorcerers (Orc:2)
  A wolf spider zombie (D:15)
  27 wolf spiders
  31 ugly things
  7 cyclopes
  14 orb spiders
  10 manticores
  28 fauns
  A manticore (shapeshifter) (Vaults:2)
  A salamander (shapeshifter) (Vaults:4)
  2 moths of wrath (Spider:4)
  5 vault sentinels
  16 elephants
  An ice statue (IceCv)
  A black mamba (shapeshifter) (Vaults:2)
  3 water nymphs
  Psyche (D:9)
  2 black mambas
  7 merfolk sirens
  A guardian serpent (shapeshifter) (D:15)
  2 centaur skeletons
  Joseph (D:9)
  6 torpor snails
  13 spiny frogs
  An efreet (D:15)
  A kobold demonologist (D:15)
  4 rime drakes
  13 freezing wraiths
  7 yaktaurs
  6 komodo dragons
  23 demonic crawlers
  9 trolls
  3 polar bears (Lair:6)
  22 merfolk
  22 jumping spiders
  A meliai (shapeshifter) (Vaults:2)
  A queen bee (Lair:3)
  11 hornets
  4 wind drakes
  17 slime creatures
  2 wolf spider simulacra (IceCv)
  Grinder (D:3)
  10 hippogriffs
  11 dream sheep
  A hippogriff (shapeshifter) (Elf:1)
  9 blink frogs
  4 snapping turtles
  A dream sheep (shapeshifter) (D:15)
  2 spriggans (shapeshifter)
  28 tarantellas
  A redback (shapeshifter) (Elf:1)
  51 redbacks
  15 spriggans
  15 water elementals
  2 air elementals
  3 wyverns (Lair:3)
  48 yaks
  A shadow (D:10)
  A vampire (D:14)
  A wyvern (shapeshifter) (D:15)
  A hungry ghost (D:13)
  A golden eye (shapeshifter) (Vaults:2)
  2 basilisks
  Grum (D:11)
  6 vampire mosquitoes
  3 fire elementals
  A steam dragon (D:8)
  A catoblepas simulacrum (Lair:6)
  3 death yak simulacra
  11 wargs
  2 acid dragons
  13 water moccasins
  8 soldier ants
  2 hydra simulacra (Lair:6)
  5 porcupines
  Duvessa (D:6)
  37 orc warriors
  7 black bears
  A slave (D:6)
  A hornet zombie (D:9)
  9 ice beasts
  A black bear (shapeshifter) (D:15)
  An eye of draining (D:10)
  3 necrophages
  3 sky beasts
  An eye of draining (shapeshifter) (Elf:1)
  A black mamba simulacrum (Lair:6)
  18 ogres
  17 boggarts
  10 centaurs
  26 wolves
  3 crocodiles
  3 big kobolds
  Blork the orc (D:6)
  12 bullfrogs
  3 earth elementals
  Dowan (D:6)
  A water moccasin zombie (D:8)
  23 killer bees (Lair:3)
  4 wights
  3 howler monkeys (D:8)
  A komodo dragon simulacrum (Lair:6)
  3 draconian simulacra (IceCv)
  5 bullfrog zombies
  9 crimson imps
  2 human simulacra (Vaults:2)
  3 centaur zombies
  4 hounds
  A bullfrog skeleton (D:4)
  9 jellies
  Crazy Yiuf (D:7)
  18 orc priests
  29 orc wizards
  Jessica (D:3)
  6 iguanas
  Natasha (twice) (D:3)
  2 spriggan simulacra (IceCv)
  25 worker ants
  6 troll simulacra (IceCv)
  2 centaur simulacra (IceCv)
  A hound zombie (D:6)
  2 hound skeletons
  6 gnolls
  19 adders
  2 naga simulacra (IceCv)
  5 ogre simulacra (IceCv)
  6 shadow imps
  12 white imps (IceCv)
  An ooze (D:3)
  2 adder skeletons
  An adder zombie (D:6)
  3 worms
  4 dart slugs
  3 leopard geckos
  98 orcs
  8 bats
  8 giant cockroaches
  5 goblins
  6 hobgoblins
  15 jackals
  29 kobolds
  2 quokkas
  A ball python (D:1)
  9 frilled lizards
  12 rats
  A fungus (Lair:1)
  3 plants
  6 tentacles
1597 creatures vanquished.

Vanquished Creatures (collateral kills)
  An emperor scorpion (Spider:4)
  A vault warden (Vaults:2)
  3 ironheart preservers
  Aizul (Spider:3)
  2 yaktaur captains
  2 vault guards (Vaults:2)
  2 death knights (Vaults:3)
  5 two-headed ogres
  An ogre mage (Vaults:2)
  3 dancing weapons
  A deep troll earth mage (Vaults:4)
  2 merfolk aquamancers (Shoals:3)
  3 harpies (Shoals:2)
  2 wolf spiders (Spider:4)
  2 orb spiders
  An ugly thing (Vaults:1)
  2 deep elf magi (Elf:1)
  A cyclops (Shoals:2)
  A manticore (Shoals:2)
  A merfolk siren (Shoals:2)
  A vault sentinel (Vaults:2)
  A water nymph (Shoals:3)
  2 demonic crawlers
  A yaktaur (Vaults:4)
  4 merfolk
  2 wind drakes (Shoals:3)
  3 jumping spiders (Spider:4)
  2 hornets (Spider:4)
  2 slime creatures
  A snapping turtle (Shoals:3)
  2 water elementals (Shoals:3)
  2 tarantellas
  3 redbacks
  4 ogres
  An orc wizard (Vaults:2)
68 creatures vanquished.

Vanquished Creatures (others)
  2 deep elf sorcerers (Vaults:3)
  A vault warden (Vaults:4)
  A merfolk aquamancer (Shoals:3)
  3 satyrs
  2 deep elf knights (Elf:3)
  A deep elf archer (Elf:2)
  5 fauns
  A cyclops (Vaults:2)
  4 deep elf magi
  6 yaktaurs
  A merfolk (Shoals:4)
  A hornet (Vaults:3)
  An ogre (Vaults:3)
  An orc warrior (D:11)
  4 centaurs
  A crocodile (Lair:6)
  3 orcs
  2 kobolds
  7 fungi
  47 plants
  9 tentacles
103 creatures vanquished.

Grand Total: 1768 creatures vanquished

Notes
Turn   | Place    | Note
-------+----------+-------------------------------------------
     0 | D:1      | Kohma the Gargoyle Earth Elementalist began the quest for
                  | the Orb.
     0 | D:1      | Reached XP level 1. HP: 10/10 MP: 3/3
    52 | D:1      | Reached skill level 1 in Fighting
    73 | D:1      | Reached XP level 2. HP: 3/17 MP: 0/5
   862 | D:1      | Reached XP level 3. HP: 16/21 MP: 6/6
   934 | D:1      | Learned a level 2 spell: Passwall
   938 | D:1      | Learned a level 3 spell: Stone Arrow
  1721 | D:2      | Reached skill level 5 in Earth Magic
  1843 | D:2      | Reached XP level 4. HP: 26/26 MP: 0/7
  1932 | D:2      | Reached skill level 1 in Transmutations
  2134 | D:2      | Reached skill level 1 in Conjurations
  2276 | D:2      | Found a faded altar of an unknown god.
  2791 | D:2      | Reached XP level 5. HP: 24/30 MP: 0/9
  3120 | D:3      | Found a stormy altar of Qazlal.
  3121 | D:3      | Found a shimmering blue altar of Sif Muna.
  3121 | D:3      | Found a hide-covered altar of Uskayaw.
  3122 | D:3      | Found a shimmering altar of Xom.
  3422 | D:3      | Noticed Natasha
  3427 | D:3      | Killed Natasha
  3502 | D:3      | Noticed Grinder
  3516 | D:3      | Paralysed by Grinder for 6 turns
  3564 | D:3      | Paralysed by Grinder for 3 turns
  3581 | D:3      | Killed Grinder
  3581 | D:3      | Reached XP level 6. HP: 35/35 MP: 0/12
  3704 | D:3      | Noticed Jessica
  3717 | D:3      | Killed Jessica
  4719 | D:3      | Noticed Natasha
  4722 | D:3      | Killed Natasha
  4722 | D:3      | Reached XP level 7. HP: 40/40 MP: 3/13
  4962 | D:3      | Learned a level 5 spell: Lee's Rapid Deconstruction
  5347 | D:4      | Found a staircase to the Ecumenical Temple.
  5357 | Temple   | Entered the Ecumenical Temple
  5531 | Temple   | Became a worshipper of Ashenzari the Shackled
  5681 | D:4      | Reached skill level 5 in Conjurations
  5888 | D:4      | Found a white marble altar of Elyvilon.
  5995 | D:5      | Entered Level 5 of the Dungeon
  6155 | D:5      | Reached skill level 5 in Spellcasting
  6547 | D:5      | Reached XP level 8. HP: 46/46 MP: 2/15
  7518 | D:6      | Noticed Duvessa
  7559 | D:6      | Noticed Dowan
  7873 | D:6      | Reached skill level 5 in Fighting
  7996 | D:6      | Noticed Pikel
  8016 | D:5      | Killed Pikel
  8016 | D:5      | Reached XP level 9. HP: 19/54 MP: 0/16
  8307 | D:6      | Reached skill level 1 in Shields
  8461 | D:6      | Killed Duvessa
  8461 | D:6      | Reached skill level 2 in Shields
  8581 | D:6      | Killed Dowan
  8663 | D:6      | Reached skill level 3 in Shields
  8867 | D:6      | Found a runed translucent door.
  8867 | D:6      | Noticed wub's ghost (novice DsAK)
  8867 | D:6      | Noticed a kobold demonologist
  8867 | D:6      | Noticed Blork the orc
  8871 | D:6      | Killed Blork the orc
  9144 | D:6      | Noticed a brown ugly thing
  9152 | D:6      | Killed a brown ugly thing
  9152 | D:6      | Reached skill level 4 in Shields
  9622 | D:7      | Reached skill level 10 in Earth Magic
  9674 | D:7      | Found a glowing silver altar of Zin.
  9688 | D:7      | Reached skill level 5 in Shields
  9906 | D:7      | Found a sacrificial altar of Ru.
  9957 | D:7      | Reached skill level 6 in Shields
 10005 | D:7      | Found a runed translucent door.
 10006 | D:7      | Noticed Crazy Yiuf
 10011 | D:7      | Killed Crazy Yiuf
 10328 | D:8      | Reached skill level 7 in Shields
 10405 | D:8      | Reached XP level 10. HP: 59/59 MP: 10/17
 10502 | D:8      | Reached skill level 8 in Shields
 10637 | D:8      | Reached skill level 9 in Shields
 11185 | D:9      | Noticed Erica
 11194 | D:9      | Killed Erica
 11194 | D:9      | Reached skill level 10 in Shields
 11259 | D:9      | Found a runed translucent gate.
 11259 | D:9      | Found a runed translucent gate.
 11261 | D:9      | Found a runed translucent gate.
 11263 | D:9      | Noticed iamserjio's ghost (journeyman OpWn)
 11263 | D:9      | Noticed kuniqs's ghost (novice DEWz)
 11377 | D:9      | Found a snail-covered altar of Cheibriados.
 11508 | D:9      | Noticed Joseph
 11516 | D:9      | Killed Joseph
 11549 | D:9      | Noticed Psyche
 11564 | D:9      | Killed Psyche
 11564 | D:9      | Reached skill level 1 in Armour
 11564 | D:9      | Reached skill level 11 in Shields
 11704 | D:9      | Reached * piety under Ashenzari
 11982 | D:10     | Entered Level 10 of the Dungeon
 11982 | D:10     | Found Keikhl Tagi's Jewellery Shoppe.
 12046 | D:10     | Found a staircase to the Lair.
 12318 | D:10     | Reached XP level 11. HP: 63/63 MP: 9/19
 12451 | D:10     | Bought a cursed amulet of inaccuracy for 30 gold pieces
 12451 | D:10     | Bought a +4 amulet of reflection for 405 gold pieces
 12531 | D:10     | Learned a level 6 spell: Iron Shot
 12923 | D:10     | Identified the cursed +0 short sword of Zoedunlem {vorpal,
                  | +Rage rF+ rC- MP+9} (You found it on level 4 of the
                  | Dungeon)
 13540 | D:11     | Noticed Urug
 13562 | D:11     | Killed Urug
 13562 | D:11     | Reached skill level 12 in Shields
 13827 | D:11     | Reached skill level 1 in Polearms
 13939 | D:11     | Noticed Nergalle
 13950 | D:11     | Killed Nergalle
 14178 | D:11     | Noticed a red ugly thing
 14186 | D:11     | Killed a red ugly thing
 14223 | D:11     | Noticed Fannar
 14231 | D:11     | Noticed Grum
 14262 | D:11     | Killed Fannar
 14664 | D:11     | Noticed a red ugly thing
 14671 | D:11     | Noticed a cyclops
 14676 | D:11     | Killed a red ugly thing
 14683 | D:11     | Killed a cyclops
 14924 | D:11     | Killed Grum
 15089 | D:11     | Found a staircase to the Orcish Mines.
 15092 | D:11     | Noticed a four-headed hydra
 15114 | D:11     | Killed a four-headed hydra
 15114 | D:11     | Reached XP level 12. HP: 32/68 MP: 2/21
 15631 | Orc:1    | Entered Level 1 of the Orcish Mines
 15957 | Lair:1   | Entered Level 1 of the Lair of Beasts
 15988 | Lair:1   | Reached ** piety under Ashenzari
 16001 | Lair:1   | Found a frozen archway.
 16014 | Lair:1   | Reached skill level 13 in Shields
 16162 | IceCv    | Entered an ice cave
 16700 | IceCv    | Reached skill level 5 in Polearms
 17527 | IceCv    | Found an ancient bone altar of Kikubaaqudgha.
 19931 | Lair:2   | Reached *** piety under Ashenzari
 19954 | Lair:2   | Noticed a death yak
 19955 | Lair:2   | Noticed a death yak
 19957 | Lair:2   | Noticed a death yak
 19958 | Lair:2   | Noticed a death yak
 19958 | Lair:2   | Noticed a death yak
 19961 | Lair:2   | Noticed a death yak
 19993 | Lair:1   | Killed a death yak
 20274 | Lair:1   | Killed a death yak
 20274 | Lair:1   | Reached XP level 13. HP: 72/72 MP: 1/22
 20812 | Lair:2   | Found a staircase to the Shoals.
 22877 | Lair:3   | Found a hole to the Spider Nest.
 25007 | Lair:4   | Noticed an entropy weaver
 25008 | Lair:4   | Noticed an entropy weaver
 25148 | Lair:4   | Reached **** piety under Ashenzari
 25541 | Lair:4   | Killed an entropy weaver
 25541 | Lair:4   | Reached skill level 10 in Polearms
 25633 | Lair:4   | Killed an entropy weaver
 25633 | Lair:4   | Gained mutation: Your large and strong wings let you fly
                  | indefinitely. [Gargoyle growth]
 25633 | Lair:4   | Reached XP level 14. HP: 52/83 MP: 4/25
 25864 | Lair:4   | Learned a level 4 spell: Petrify
 25897 | Lair:4   | Identified a scroll of acquirement
 25898 | Lair:4   | Identified the cursed +2 robe of Dujelem {rN+ Regen+ rCorr}
                  | (You acquired it on level 4 of the Lair of Beasts)
 26002 | D:10     | Bought a +6 amulet of reflection for 877 gold pieces
 26002 | D:10     | Bought a cursed ring of teleportation for 67 gold pieces
 26751 | Lair:5   | Noticed Sonja
 26859 | Lair:5   | Killed Sonja
 27415 | Lair:5   | Noticed Nessos
 27424 | Lair:5   | Killed Nessos
 27857 | Lair:5   | Identified the +6 scale mail "Roejydesk" {rC- MR+ rCorr}
 27864 | Lair:5   | Identified the +2 scale mail of Salvation {*Corrode MP+9
                  | Dex+2} (You found it on level 3 of the Lair of Beasts)
 28243 | Lair:6   | Entered Level 6 of the Lair of Beasts
 28243 | Lair:6   | Reached ***** piety under Ashenzari
 28800 | Lair:6   | Reached skill level 10 in Fighting
 28902 | Lair:6   | Reached skill level 10 in Spellcasting
 28920 | Lair:6   | Reached skill level 1 in Evocations
 29224 | Lair:6   | Identified the ring "Jaozon" {Fire Dex+7}
 29244 | Lair:6   | Noticed skumtomte's ghost (journeyman HOFi)
 29267 | Lair:6   | Found a runed translucent gate.
 29267 | Lair:6   | Found a runed translucent gate.
 29287 | Lair:6   | Reached XP level 15. HP: 86/92 MP: 29/29
 29313 | Lair:6   | Found a runed translucent gate.
 29522 | Lair:6   | Reached skill level 5 in Evocations
 29751 | Lair:6   | Found a staircase to the Slime Pits.
 30328 | Lair:5   | Killed skumtomte's ghost
 31373 | D:12     | Found an ornate altar of the Wu Jian Council.
 31376 | D:12     | Found a runed translucent door.
 31377 | D:12     | Noticed a sphinx
 31377 | D:12     | Noticed a sphinx
 31379 | D:12     | Identified the +2 hunting sling "Ysa Cem" {flame, +Inv
                  | Int+3 Dex-5}
 32038 | D:12     | Reached skill level 5 in Armour
 33199 | D:13     | Got the uncursed hat of Furoan {+Inv rF+ MR+}
 33210 | D:13     | Identified the +2 hat of Furoan {+Inv rF+ MR+} (You found
                  | it on level 13 of the Dungeon)
 33481 | D:13     | Found a gate to the Vaults.
 34613 | D:14     | Reached ****** piety under Ashenzari
 34685 | D:15     | Entered Level 15 of the Dungeon
 34944 | D:15     | Found an iron altar of Okawaru.
 35087 | D:15     | Reached XP level 16. HP: 75/97 MP: 30/30
 36060 | D:15     | Found a staircase to the Depths.
 36454 | Orc:2    | Entered Level 2 of the Orcish Mines
 36647 | Orc:2    | Found a staircase to the Elven Halls.
 36709 | Orc:1    | Found Tethyod's Magic Scroll Shoppe.
 36728 | Orc:1    | Bought a scroll of enchant armour for 105 gold pieces
 37637 | Orc:2    | Reached skill level 10 in Conjurations
 37708 | Orc:2    | Found Buillut's Antique Weapon Shop.
 37708 | Orc:2    | Found Ufufur's Jewellery Shop.
 37712 | Orc:2    | Found Veca's Magic Scroll Emporium.
 37712 | Orc:2    | Found Xaotav's Assorted Antiques.
 38065 | Orc:2    | Bought a scroll of fear for 42 gold pieces
 38065 | Orc:2    | Bought a scroll of fear for 42 gold pieces
 38065 | Orc:2    | Bought a scroll of remove curse for 36 gold pieces
 38065 | Orc:2    | Bought a scroll of blinking for 90 gold pieces
 38065 | Orc:2    | Bought a scroll of enchant armour for 90 gold pieces
 38065 | Orc:2    | Bought a scroll of fog for 24 gold pieces
 38065 | Orc:2    | Bought a scroll of magic mapping for 42 gold pieces
 38065 | Orc:2    | Bought a scroll of teleportation for 36 gold pieces
 38073 | Orc:2    | Bought a scroll of enchant armour for 180 gold pieces
 38274 | Spider:1 | Entered Level 1 of the Spider Nest
 38886 | Spider:1 | Learned a level 4 spell: Animate Dead
 39089 | Spider:2 | Reached skill level 1 in Necromancy
 39271 | Spider:2 | Reached skill level 14 in Shields
 39286 | Spider:2 | Reached XP level 17. HP: 89/103 MP: 32/32
 40711 | Spider:3 | Noticed Aizul
 40726 | Spider:3 | Killed Aizul
 40757 | Spider:3 | Identified the cursed ring of Compulsion {Int+4 Dex+7} (You
                  | acquired it on level 3 of the Spider Nest)
 40781 | Spider:4 | Entered Level 4 of the Spider Nest
 41052 | Spider:4 | Reached skill level 15 in Shields
 41658 | Spider:4 | Noticed Arachne
 41692 | Spider:4 | Killed Arachne
 41712 | Spider:4 | Learned a level 2 spell: Blink
 41870 | Spider:4 | Reached skill level 1 in Translocations
 41948 | Spider:4 | Reached skill level 16 in Shields
 41967 | Spider:4 | Identified Zuohipo's Handbook of Confrontation and the
                  | Traveller (You acquired it on level 4 of the Spider Nest)
 42152 | Spider:4 | Got a gossamer rune of Zot
 42518 | Orc:2    | Upgraded the game from 0.25-a0-645-gb4487340cb to
                  | 0.25-a0-651-g8c222c7a2b
 42588 | Orc:2    | Bought an uncursed ring of protection from magic for 375
                  | gold pieces
 42659 | Elf:1    | Entered Level 1 of the Elven Halls
 42715 | Elf:1    | Reached XP level 18. HP: 87/108 MP: 17/34
 42881 | Elf:1    | Reached skill level 17 in Shields
 43312 | Elf:1    | Identified the +3 robe "Jodgh" {rF+ rN+}
 43415 | Elf:1    | Reached skill level 18 in Shields
 44455 | Elf:2    | Found a runed translucent door.
 44485 | Elf:2    | Found a runed translucent door.
 44857 | Elf:3    | Entered Level 3 of the Elven Halls
 44999 | Elf:3    | Reached skill level 19 in Shields
 45084 | Elf:3    | Found an ancient bone altar of Kikubaaqudgha.
 45379 | Elf:3    | Learned a level 1 spell: Summon Butterflies
 45878 | Elf:3    | Reached XP level 19. HP: 104/115 MP: 28/35
 46334 | Elf:3    | Noticed an Ice Fiend
 47123 | Elf:3    | Noticed a Hell Sentinel
 47282 | Elf:3    | Identified the +1 robe "Pis Nur" {rElec rCorr Slay-2}
 47282 | Elf:3    | Identified the amulet of Voomugh {+Rage MR+ Slay+3}
 47716 | Elf:3    | Identified the ring "Jetymi" {Wiz Dex+2}
 48351 | Elf:3    | Reached skill level 10 in Evocations
 48360 | Elf:3    | Noticed a Tzitzimitl
 48659 | Elf:3    | Identified the ring of the Jolly Gods {Ice Dex+4}
 48960 | Elf:3    | Identified the Handbook of Indecent Exposure
 48961 | Elf:3    | Identified the +1 falchion of the Sun {vorpal, MR+}
 48969 | Elf:3    | Identified the +7 fustibalus of Gin and Tonic {flame, +Inv
                  | rPois}
 48969 | Elf:3    | Identified the Handbook of the Icy Mountains
 48980 | Elf:3    | Identified the Volume of the Floating Volcanoes
 48992 | Elf:3    | Identified the Disquisition on Sinister Attacks
 49874 | Elf:1    | Learned a level 6 spell: Deflect Missiles
 50016 | Shoals:1 | Entered Level 1 of the Shoals
 50947 | Shoals:2 | Reached skill level 20 in Shields
 50962 | Shoals:2 | Found Hofeanih's Armour Shop.
 50997 | Shoals:2 | Learned a level 1 spell: Apportation
 51013 | Shoals:2 | Reached XP level 20. HP: 124/124 MP: 36/36
 52007 | Shoals:3 | Noticed Donald
 52030 | Shoals:3 | Killed Donald
 52425 | Shoals:3 | Found a transporter.
 52434 | Shoals:3 | Identified the +6 trident of Cedghe {distort, rC+}
 52449 | Shoals:3 | Found a one-way gate to the infinite horrors of the Abyss.
 52450 | Shoals:3 | Noticed Zarkath's ghost (adept HONe)
 52452 | Shoals:3 | Found a transporter.
 52810 | Shoals:3 | Noticed Polyphemus
 52843 | Shoals:3 | HP: 3/126 [Polyphemus (21)]
 53247 | Shoals:3 | Noticed Ilsuiw
 53304 | Shoals:3 | Killed Ilsuiw
 53973 | Shoals:3 | Killed Polyphemus
 54046 | Shoals:4 | Entered Level 4 of the Shoals
 54073 | Shoals:4 | Found Qumulal's Gadget Boutique.
 55257 | Shoals:4 | Reached skill level 15 in Fighting
 55309 | Shoals:4 | Reached skill level 21 in Shields
 55417 | Shoals:4 | Learned a level 4 spell: Olgreb's Toxic Radiance
 55421 | Shoals:4 | Learned a level 3 spell: Ignite Poison
 55512 | Shoals:4 | Got a barnacled rune of Zot
 55540 | Shoals:4 | Identified the ring of Ziaheedd {Fire *Drain MR+ Str+4}
 55992 | Shoals:3 | Reached skill level 1 in Fire Magic
 55992 | Shoals:3 | Reached skill level 1 in Poison Magic
 56221 | Vaults:1 | Entered Level 1 of the Vaults
 57165 | Vaults:1 | Reached XP level 21. HP: 134/134 MP: 37/37
 57245 | Vaults:1 | Noticed Asterion
 57270 | Vaults:1 | Killed Asterion
 57297 | Vaults:1 | Found Bahiysm's Armour Emporium.
 57306 | Vaults:1 | Bought a +1 pair of boots of running for 547 gold pieces
 57306 | Vaults:1 | Identified the cursed +7 crystal plate armour "Maukaseq"
                  | {MP+9 Dex+2 Slay+2} (You acquired it on level 1 of the
                  | Vaults)
 57306 | Vaults:1 | Identified the cursed +2 hand crossbow "Embalmer" {penet,
                  | *Corrode rF+ rN+ MR+++} (You acquired it on level 1 of the
                  | Vaults)
 57307 | Vaults:1 | Identified the cursed ring of Abstinence {Wiz +Blink +Inv
                  | Str-3} (You acquired it on level 1 of the Vaults)
 58436 | Vaults:2 | Reached skill level 22 in Shields
 59238 | Vaults:2 | Found Xeegot's Jewellery Emporium.
 59364 | Vaults:2 | Found Jefemare's Antique Weapon Shoppe.
 59394 | Vaults:2 | Found Wubirphu's Magic Scroll Shop.
 59414 | Vaults:2 | Bought a scroll of teleportation for 42 gold pieces
 59414 | Vaults:2 | Bought a scroll of blinking for 105 gold pieces
 59414 | Vaults:2 | Bought a scroll of teleportation for 42 gold pieces
 59414 | Vaults:2 | Bought a scroll of teleportation for 42 gold pieces
 59414 | Vaults:2 | Bought a scroll of summoning for 133 gold pieces
 59414 | Vaults:2 | Bought a scroll of remove curse for 42 gold pieces
 59414 | Vaults:2 | Bought a scroll of remove curse for 42 gold pieces
 59414 | Vaults:2 | Bought a scroll of enchant weapon for 105 gold pieces
 59414 | Vaults:2 | Bought a scroll of blinking for 105 gold pieces
 59869 | Vaults:3 | Found a staircase to the Crypt.
 60165 | Vaults:3 | Noticed Saint Roka
 60182 | Vaults:3 | Reached skill level 1 in Charms
 60182 | Vaults:3 | Reached skill level 1 in Air Magic
 60204 | Vaults:3 | Killed Saint Roka
 60400 | Vaults:3 | Noticed Nikola
 60416 | Vaults:3 | Killed Nikola
 60934 | Vaults:3 | Found Evekodio's Gadget Boutique.
 60940 | Vaults:3 | Bought a phantom mirror for 450 gold pieces
 61021 | Vaults:3 | Noticed Sojobo
 61472 | Vaults:3 | Reached XP level 22. HP: 126/140 MP: 38/38
 62172 | Vaults:3 | Found Evekodio's Gadget Boutique.
 62641 | Vaults:3 | Found a staircase to the Crypt.
 62685 | Vaults:3 | Killed Sojobo
 62895 | Vaults:4 | Found the +8 storm bow {elec, penet}
 62944 | Vaults:4 | Reached skill level 5 in Charms
 63205 | Vaults:4 | Learned a level 4 spell: Summon Lightning Spire
 63628 | Vaults:4 | Reached skill level 5 in Air Magic
 64263 | Vaults:4 | Found Huophaj's Assorted Antiques.
 64268 | Vaults:4 | Bought a scroll of remove curse for 78 gold pieces
 64268 | Vaults:4 | Bought a scroll of magic mapping for 91 gold pieces
 64268 | Vaults:4 | Bought 2 scrolls of enchant weapon for 390 gold pieces
 65087 | Depths:1 | Entered Level 1 of the Depths
 65087 | Depths:1 | Found a gateway to Hell.
 65203 | D:15     | Slain by an iron troll

Levels and vault maps discovered:
D:1:      lemuel_arrival_behind_the_door_small, layout_basic,
          minmay_misc_feat_roman, minmay_hexomino_u4
D:2:      minmay_evil_eye, layout_basic, chequers_ecumenical_altar_simple_redux,
          minmay_crystal_room
D:3:      layout_basic, chequers_temple_overflow_statue_of_worship,
          uniq_grinder, uniq_jessica, uniq_natasha
D:4:      layout_loops_ring, kennysheep_mini_moat,
          minmay_temple_entry_antechambers
D:5:      layout_rooms, first_ration, minmay_splitting_lines
D:6:      layout_cave_pools, ebering_ghost_inner_flame, uniq_duvessa,
          uniq_blork_the_orc, uniq_pikel
D:7:      layout_basic, lemuel_doored_altar, basic_altar, the_bakery,
          kennysheep_generic_room_8, uniq_crazy_yiuf_cottage
D:8:      layout_loops_ring
D:9:      layout_basic, cheibrodos_worm_habitat, gammafunk_ghost_cemetery,
          uniq_erica, uniq_psyche, uniq_joseph
D:10:     layout_loops_cross, lair_entry_dummy, serial_shops,
          nicolae_shop_competitors_out_of_business
D:11:     layout_basic, david_orc_1_choice, uniq_nergalle, uniq_grum, uniq_urug,
          uniq_fannar
D:12:     layout_gridville, basic_altar, kennysheep_cross_room,
          kennysheep_treasure_room
D:13:     layout_basic, david_vaults_4, nooodl_orcs_dogs
D:14:     layout_basic, serial_corexii_hall, corexii_hall_statues_i,
          corexii_hall_statues_t, corexii_hall_statues_i, corexii_hall_statues_s
D:15:     gammafunk_enter_depths_forms, layout_cave_pods, minmay_misc_feat_chi,
          drop_trap, grunt_decor_cap, okawaru_ov_weapons_minmay
Temple:   regret_index_temple_generic_petals
Lair:1:   layout_misc_corridors, portal_ice_cave_rime
Lair:2:   layout_hall_layers, minmay_shoals_entry_centaurs,
          chequers_serial_rivers_micro_e, minivault_23
Lair:3:   regret_index_combs_of_tragedy, layout_regular_city,
          dummy_spider_entry, ldierk_geyser, small_statue_intersection,
          infiniplex_staircase_pool_2
Lair:4:   layout_regular_city, minmay_another_anthill
Lair:5:   layout_cave_pods, st_stairs_7, uniq_sonja, uniq_nessos
Lair:6:   minmay_lair_end_enchanted_forest, layout_hall_layers,
          nicolae_slime_entry_slimehenge, gammafunk_ghost_icy
Shoals:1: layout_shoals
Shoals:2: layout_shoals, serial_shops, shop
Shoals:3: layout_shoals, gammafunk_ghost_abyssal_escape,
          nicolae_shoals_water_shrine, uniq_ilsuiw, uniq_polyphemus, uniq_donald
Shoals:4: shoals_end_grunt_garden, layout_shoals, serial_shops, shop
Spider:1: layout_spider_delve, drop_trap, worms_lemuel
Spider:2: layout_spider_delve
Spider:3: layout_spider_delve, uniq_aizul
Spider:4: guppyfry_spider_rune, drop_trap, uniq_arachne
Orc:1:    layout_diamond_mine, serial_shops, shop
Orc:2:    st_orc_elflike, layout_caves
Elf:1:    eino_elf_arrival_the_gate, layout_geoelf_octagon, minivault_28,
          lemuel_flamethrower_1
Elf:2:    layout_loops_cross
Elf:3:    minmay_elf_hall_curves, layout_geoelf_grid, basic_altar,
          serial_sigils_hangedman_shear, hangedman_elven_crosses_minicolossus
Vaults:1: grunt_vaults_hallway_short, v_rooms_3, v_misc_2,
          ontoclasm_vaults_ligature, layout_vaults_omnigrid, serial_shops,
          shop_fountains, uniq_asterion
Vaults:2: v_misc_22, nicolae_vaults_little_squares_4,
          nicolae_vaults_holding_cells, hangedman_vaults_river_flow,
          v_alt_pattern_3, vaults_room_corners, vaults_room_pool,
          hangedman_vaults_pinch, nicolae_vaults_border_crossing,
          ontoclasm_vaults_pinch, nicolae_vaults_yaktaur_gun_rack,
          vaults_room_door_ring, nicolae_vaults_windows_and_doors_thing,
          vaults_dpeg_hooks, v_misc_24, nicolae_vaults_asterisk,
          layout_vaults_ring, serial_shops, shop, nicolae_shop_stone, shop
Vaults:3: vaults_room_ringed_pool, blue_anna_dwarven_crypt, v_misc_29,
          hangedman_vaults_snaps, v_alt_pattern_6, v_misc_26,
          grunt_vaults_trifunnel, nicolae_vaults_asterisk,
          nicolae_vaults_hallways_thing, nicolae_vaults_theta,
          hangedman_vaults_slice, vaults_dpeg_ring, nicolae_vaults_angled_halls,
          nicolae_vaults_diagonal_hallway_7, layout_vaults_omnicross,
          serial_shops, shop, uniq_sojobo, uniq_saint_roka, uniq_nikola
Vaults:4: nicolae_vaults_back_hallway, nicolae_vaults_network_square,
          hangedman_vaults_capsules, v_misc_13, nicolae_vaults_angled_halls,
          v_misc_23, minmay_guarded_unrand_secular_launcher,
          vaults_room_door_ring, v_misc_30, nicolae_vaults_circle_grid_a,
          hangedman_vaults_trim, layout_vaults_omnibox, serial_shops, shop
Depths:1: layout_cave_shapes, ebering_ghost_reflecting_pool, hell_entry,
          abyss_entry, minmay_crystal_box, grunt_megastairs_1

Skill      XL: |  1  2  3  4  5  6  7  8  9 10 11 12 13 14 15 16 17 18 19 20 21 22 |
---------------+-------------------------------------------------------------------+-----
Fighting       | 1 2 3 5 7 10 11 13 15 16 | 16.3
Earth Magic    | 4 5 9 10 11 12 | 12.6
Transmutations | 1 |  1.2
Conjurations   | 1 4 5 7 9 10 11 12 | 12.3
Spellcasting   | 4 5 6 7 10 11 12 | 12.3
Stealth        | 3 |  3.4
Shields        | 7 11 12 13 14 16 19 20 21 22 | 22.9
Armour         | 2 4 7 9 |  9.1
Polearms       | 4 8 10 | 10.8
Evocations     | 3 7 8 10 | 10.2
Dodging        | 2 4 |  4.3
Necromancy     | 1 3 |  3.8
Translocations | 1 |  1.8
Fire Magic     | 2 |  2.7
Poison Magic   | 2 |  2.7
Charms         | 3 6 |  6.0
Air Magic      | 3 5 |  5.5
Summonings     | |  0.6

Action                   |  1- 3 |  4- 6 |  7- 9 | 10-12 | 13-15 | 16-18 | 19-21 | 22-24 || total
-------------------------+-------+-------+-------+-------+-------+-------+-------+-------++-------
Melee: Unarmed           |    16 |       |       |       |       |       |       |       ||    16
       Short sword       |    74 |    86 |    59 |       |       |       |       |       ||   219
       Trident           |       |       |    43 |       |       |       |       |       ||    43
       Dagger            |       |       |    13 |   165 |       |       |       |       ||   178
       Demon trident     |       |       |       |   203 |   988 |  1699 |  2204 |   381 ||  5475
Throw: Boomerang         |       |       |     2 |       |       |       |       |       ||     2
       Dart              |       |       |       |     3 |    22 |       |       |       ||    25
       Stone             |       |       |       |       |     1 |       |       |       ||     1
 Cast: Sandblast         |    26 |    13 |    18 |    26 |     6 |       |       |       ||    89
       Stone Arrow       |     6 |    34 |   138 |   285 |   288 |       |       |       ||   751
       Lee's Rapid Decon |       |       |     3 |    28 |    14 |    18 |       |     6 ||    69
       Iron Shot         |       |       |       |       |    43 |    41 |    83 |     5 ||   172
       Animate Dead      |       |       |       |       |       |    43 |    28 |     9 ||    80
       Olgreb's Toxic Ra |       |       |       |       |       |       |       |     1 ||     1
Invok: Curse Item        |       |       |     3 |     4 |     3 |     3 |       |     2 ||    15
 Abil: Fly               |       |       |       |       |     1 |       |     2 |       ||     3
       Evoke Invisibilit |       |       |       |       |       |     1 |     5 |       ||     6
       Stop Flying       |       |       |       |       |       |       |     3 |       ||     3
       Evoke Blink       |       |       |       |       |       |       |     1 |       ||     1
Evoke: Wand              |       |       |     1 |     3 |     4 |     3 |     8 |     4 ||    23
       Lightning rod     |       |       |       |       |       |     2 |       |       ||     2
  Use: Potion            |       |     1 |     1 |     7 |       |     1 |     2 |       ||    12
       Scroll            |       |       |    16 |    14 |     8 |    16 |     8 |     5 ||    67
 Stab: Sleeping          |       |     2 |     2 |     2 |       |       |       |       ||     6
       Distracted        |       |       |       |       |     1 |    12 |     4 |     2 ||    19
       Invisible         |       |       |       |       |       |       |    32 |       ||    32
  Eat: Chunk             |     4 |    12 |    13 |    33 |    53 |    27 |    38 |     4 ||   184
       Ration            |       |       |     4 |     5 |     4 |     7 |    12 |     3 ||    35
Armor: Robe              |    48 |    26 |    80 |    35 |       |       |       |       ||   189
       Ring mail         |       |       |       |   151 |   256 |    25 |       |       ||   432
       Ice dragon scales |       |       |       |       |       |   456 |   495 |   151 ||  1102
Dodge: Dodged            |    63 |    51 |   119 |   164 |   236 |   392 |   351 |   100 ||  1476
Block: Kite shield       |       |       |       |   371 |   686 |  1169 |   407 |       ||  2633
       Reflection        |       |       |       |    11 |    35 |    56 |   184 |    27 ||   313
       Tower shield      |       |       |       |       |       |       |  1522 |   480 ||  2002

Table legend:
 A = Non-vault XP
 B = Vault XP
 C = Vault XP percentage of total XP
 D = Non-vault monster count
 E = Vault monster count
 F = Vault count percentage of total count
                 A         B        C        D         E       F
            +---------+---------+-------+---------+---------+-------
      Total |  347042 |  307829 |  47.0 |    1082 |     603 |  35.8
            +---------+---------+-------+---------+---------+-------
        D:1 |      41 |       7 |  14.6 |      26 |       5 |  16.1
        D:2 |     147 |       5 |   3.3 |      29 |       4 |  12.1
        D:3 |     200 |     344 |  63.2 |      29 |       3 |   9.4
        D:4 |     285 |       0 |   0.0 |       9 |       0 |   0.0
        D:5 |     583 |     663 |  53.2 |      18 |       1 |   5.3
        D:6 |     965 |     313 |  24.5 |      23 |       3 |  11.5
        D:7 |     258 |     383 |  59.8 |       5 |       3 |  37.5
        D:8 |    1713 |       0 |   0.0 |      23 |       0 |   0.0
        D:9 |     778 |    1820 |  70.1 |      23 |       4 |  14.8
       D:10 |    3256 |       0 |   0.0 |      26 |       0 |   0.0
       D:11 |    4971 |    3679 |  42.5 |      29 |      15 |  34.1
       D:12 |    8239 |       0 |   0.0 |      39 |       0 |   0.0
       D:13 |    9902 |    2386 |  19.4 |      37 |      14 |  27.5
       D:14 |    7608 |       0 |   0.0 |      33 |       0 |   0.0
       D:15 |   17173 |    3205 |  15.7 |      39 |      13 |  25.0
     Lair:1 |    8521 |     728 |   7.9 |      16 |       2 |  11.1
     Lair:2 |    4029 |     339 |   7.8 |       9 |       3 |  25.0
     Lair:3 |    2586 |    6488 |  71.5 |      10 |      43 |  81.1
     Lair:4 |    3740 |    4844 |  56.4 |      17 |      22 |  56.4
     Lair:5 |    9971 |    3927 |  28.3 |      25 |       5 |  16.7
     Lair:6 |   12769 |   11412 |  47.2 |      37 |      58 |  61.1
   Shoals:1 |    9656 |       0 |   0.0 |      17 |       0 |   0.0
   Shoals:2 |   13974 |       0 |   0.0 |      31 |       0 |   0.0
   Shoals:3 |   16208 |   17974 |  52.6 |      33 |      23 |  41.1
   Shoals:4 |   12638 |   27131 |  68.2 |      28 |      41 |  59.4
   Spider:1 |   11139 |    3317 |  22.9 |      32 |       9 |  22.0
   Spider:2 |   11858 |       0 |   0.0 |      38 |       0 |   0.0
   Spider:3 |   12873 |    1337 |   9.4 |      39 |       1 |   2.5
   Spider:4 |   18456 |   19904 |  51.9 |      38 |      43 |  53.1
      Orc:1 |    3700 |       0 |   0.0 |      32 |       0 |   0.0
      Orc:2 |    4066 |    8460 |  67.5 |      40 |      25 |  38.5
      Elf:1 |   20034 |    9048 |  31.1 |      37 |      16 |  30.2
      Elf:2 |   16996 |   22479 |  56.9 |      25 |      29 |  53.7
      Elf:3 |   25365 |   55126 |  68.5 |      41 |      47 |  53.4
   Vaults:1 |   15443 |    4410 |  22.2 |      30 |       7 |  18.9
   Vaults:2 |   19589 |   21035 |  51.8 |      45 |      31 |  40.8
   Vaults:3 |   22882 |   35647 |  60.9 |      43 |      49 |  53.3
   Vaults:4 |   13489 |   34378 |  71.8 |      30 |      30 |  50.0
   Depths:1 |     941 |       0 |   0.0 |       1 |       0 |   0.0
      IceCv |       0 |    7040 | 100.0 |       0 |      54 | 100.0
            +---------+---------+-------+---------+---------+-------
